 Dungeon Crawl Stone Soup version 0.24.1-8-ga250c9d538 (webtiles) character file.

Game seed: 17055109869897586071, levelgen mode: deterministic

497 roowan the Cudgeler (level 7, -5/44 HPs)
             Began as a Gargoyle Berserker on May 1, 2020.
             Was a Priest of Trog.
             Slain by an ogre
             ... wielding a +0 giant spiked club
              (24 damage)
             ... on level 5 of the Dungeon.
             The game lasted 00:21:32 (3174 turns).

roowan the Cudgeler (Gargoyle Berserker)            Turns: 3174, Time: 00:21:32

Health: -5/44      AC: 14    Str: 25    XL:     7   Next: 16%
Magic:  7/7        EV:  8    Int:  8    God:    Trog [***...]
Gold:   164        SH:  3    Dex: 10    Spells: 6/6 levels left

rFire    . . .     SeeInvis .   a - +0 mace
rCold    . . .     Gourm    .   A - +0 buckler
rNeg     + . .     Faith    .   u - +0 chain mail
rPois    ∞         Spirit   .   (no helmet)
rElec    +         Reflect  .   (no cloak)
rCorr    +         Harm     .   (no gloves)
MR       .....                  (no boots)
Stlth    ..........             (no amulet)
HPRegen  0.14/turn              n - +4 ring of strength
MPRegen  0.10/turn              y - ring of resist corrosion

@: no status effects
A: negative energy resistance 1, electricity resistance, unbreathing,
petrification resistance, rot immunity, AC +4
a: Berserk, Trog's Hand, Renounce Religion


You were on level 5 of the Dungeon.
You worshipped Trog.
Trog was most pleased with you.
You were not hungry.

You visited 1 branch of the dungeon, and saw 5 of its levels.

You collected 164 gold pieces.

Inventory:

Hand Weapons
 a - a +0 mace (weapon)
 k - a +0 giant spiked club
 s - a +0 mace
Missiles
 f - 21 poisoned darts
 o - 3 throwing nets (quivered)
 p - 41 stones
Armour
 b - a +0 animal skin
 l - a +0 chain mail
 u - a +0 chain mail (worn)
 v - a +0 ring mail
 A - a +0 buckler (worn)
Jewellery
 n - a +4 ring of strength (left hand)
 w - an uncursed ring of poison resistance
 x - an uncursed ring of attention {jsc}
 y - a ring of resist corrosion (right hand)
Wands
 B - a wand of iceblast (10)
Scrolls
 i - 2 scrolls of immolation
 j - 2 scrolls of remove curse
 q - 3 scrolls of identify {unknown}
 z - a scroll of enchant weapon {unknown}
Potions
 d - a potion of mutation {unknown}
 e - a potion of lignification {unknown}
 g - 2 potions of curing {unknown}
 h - 2 potions of might {unknown}
 m - a potion of cancellation {unknown}
 r - a potion of degeneration {unknown}
 t - a potion of magic {unknown}
Comestibles
 c - 4 rations


   Skills:
 + Level 4.9 Fighting
 + Level 5.9 Maces & Flails
 + Level 3.7 Armour
 + Level 2.5 Dodging
 + Level 0.9 Stealth


You had 6 spell levels left.
You didn't know any spells.
Your spell library was empty.

Dungeon Overview and Level Annotations

Branches:
Dungeon (5/15)             Temple (0/1) D:5

Altars:


Innate Abilities, Weirdness & Mutations

You are resistant to torment.
Your stone body is resilient. (AC +4)
You are immune to poison.
You resist negative energy. (rN+)
You are resistant to electric shocks. (rElec)
You can survive without breathing.
You are immune to petrification.
You are immune to rotting.


Message History

The ogre hits you with a +0 giant spiked club!
The adder zombie bites you but does no damage.
Your shield and chain mail prevent you from hitting the ogre.
The ogre is moderately wounded.
You block the ogre's attack. The adder zombie barely misses you.
You thump the ogre!
The ogre is heavily wounded.
The adder zombie closely misses you.
The ogre hits you with a +0 giant spiked club!
You hit the ogre.
The ogre is heavily wounded.
The adder zombie barely misses you. The ogre barely misses you.
You hit the ogre.
The ogre is severely wounded.
The adder zombie bites you. The adder zombie barely misses you.
You hit the ogre but do no damage.
The ogre is severely wounded.
The ogre hits you with a +0 giant spiked club!!
Ouch! That really hurt!
You die...

#.$.!...#
##.......#
##.........
###.........
#.#........#
##........#.##.
#.....ZO#......
#......@......#
######........##.
#............
#######..........
#.#..#...........
###................
#..................
#.................
##................


You could see an ogre and an adder zombie.

Vanquished Creatures
  A sky beast (D:2)
  An ogre (D:2)
  A necrophage (D:5)
  A howler monkey (D:4)
  A centaur zombie (D:5)
  A hound (D:4)
  An orc wizard (D:4)
  5 adders
  An ooze (D:4)
  4 worms
  2 dart slugs
  3 leopard geckos
  11 orcs
  3 giant cockroaches
  7 goblins
  5 hobgoblins
  4 jackals (D:1)
  2 kobolds
  A quokka (D:3)
  A ball python (D:2)
  4 bats
  2 frilled lizards
  A jackal skeleton (D:5)
  A quokka skeleton (D:2)
  A rat (D:2)
  2 plants (D:4)
67 creatures vanquished.

Vanquished Creatures (others)
  2 orcs (D:4)
2 creatures vanquished.

Grand Total: 69 creatures vanquished

Notes
Turn   | Place    | Note
-------+----------+-------------------------------------------
     0 | D:1      | roowan the Gargoyle Berserker began the quest for the Orb.
     0 | D:1      | Reached XP level 1. HP: 14/14 MP: 1/1
   190 | D:1      | Reached XP level 2. HP: 18/19 MP: 2/2
   652 | D:2      | Noticed an ogre
   670 | D:2      | Killed an ogre
   670 | D:2      | Reached skill level 4 in Maces & Flails
   670 | D:2      | Reached XP level 3. HP: 14/24 MP: 3/3
   670 | D:2      | Reached XP level 4. HP: 17/30 MP: 4/4
   848 | D:2      | Reached ** piety under Trog
   882 | D:2      | Reached XP level 5. HP: 21/34 MP: 5/5
  1271 | D:2      | Noticed a sky beast
  1297 | D:2      | Killed a sky beast
  1437 | D:2      | Reached XP level 6. HP: 37/39 MP: 6/6
  1683 | D:3      | Reached skill level 5 in Maces & Flails
  2995 | D:5      | Entered Level 5 of the Dungeon
  2998 | D:5      | Found a staircase to the Ecumenical Temple.
  3011 | D:5      | Noticed a necrophage
  3029 | D:5      | Killed a necrophage
  3029 | D:5      | Reached XP level 7. HP: 41/44 MP: 7/7
  3141 | D:5      | Reached *** piety under Trog
  3174 | D:5      | Slain by an ogre

Levels and vault maps discovered:
D:1:      dpeg_arrival_renting, layout_basic
D:2:      layout_loops_corners
D:3:      layout_basic
D:4:      layout_basic, lemuel_coloured_pillars_altar, first_ration,
          chequers_big_river
D:5:      layout_cave_pools, minmay_temple_entry_drinking_statues

Skill      XL: |  1  2  3  4  5  6 |
---------------+-------------------+-----
Fighting       | 4 |  4.9
Maces & Flails | 4 5 |  5.9
Dodging        | 2 |  2.5
Armour         | 3 |  3.7
Stealth        | |  0.9

Action                   |  1- 3 |  4- 6 |  7- 9 || total
-------------------------+-------+-------+-------++-------
Melee: Mace              |    61 |   277 |    36 ||   374
  Use: Scroll            |       |     3 |       ||     3
  Eat: Ration            |       |     2 |       ||     2
       Chunk             |       |     1 |       ||     1
Armor: Animal skin       |    26 |     4 |       ||    30
       Chain mail        |       |   152 |    20 ||   172
Dodge: Dodged            |    65 |   123 |    26 ||   214
Block: Buckler           |       |     2 |     7 ||     9
